 Dungeon Crawl Stone Soup version 0.21-a0-150-gc243083 (webtiles) character file.

102 CanOfBees the Skirmisher (level 4, -1/41 HPs)
             Began as a Minotaur Monk on July 27, 2017.
             Slain by qqqbard's ghost (10 damage)
             ... on level 3 of the Dungeon.
             The game lasted 00:03:25 (2475 turns).

CanOfBees the Skirmisher (Minotaur Monk)            Turns: 2475, Time: 00:03:26

Health: -1/41      AC:  8    Str: 19    XL:     4   Next: 49%
Magic:  3/3        EV:  9    Int:  7    God:
Gold:   137        SH:  0    Dex: 14    Spells: 3/3 levels left

rFire    + . .     SeeInvis .   x - +0 long sword
rCold    . . .     Gourm    .   (no shield)
rNeg     . . .     Faith    .   s - +0 chain mail
rPois    .         Spirit   .   (helmet restricted)
rElec    .         Reflect  .   (no cloak)
rCorr    .         Harm     .   (no gloves)
MR       .....                  (no boots)
Stlth    ..........             (no amulet)
HPRegen  0.13/turn              e - +4 ring of strength
MPRegen  0.08/turn              h - ring of protection from fire

@: no status effects
A: retaliatory headbutt, horns 2
a: no special abilities


You were on level 3 of the Dungeon.
You were not hungry.

You visited 1 branch of the dungeon, and saw 3 of its levels.

You collected 137 gold pieces.

Inventory:

Hand Weapons
 x - a +0 long sword (weapon)
 z - a +0 quarterstaff
Missiles
 j - 52 sling bullets
 C - 2 tomahawks (quivered)
Armour
 b - a +0 robe
 s - a +0 chain mail (worn)
Jewellery
 e - a +4 ring of strength (left hand)
 h - a ring of protection from fire (right hand)
 A - an uncursed amulet of faith
Wands
 B - a wand of digging (13/24)
Scrolls
 a - a scroll of enchant armour {unknown}
 d - a scroll of fog {unknown}
 i - a scroll of noise {unknown}
 k - 2 scrolls of blinking {unknown}
 l - a scroll of enchant weapon {unknown}
 r - 2 scrolls of remove curse {unknown}
 t - 3 scrolls of fear
 v - 3 scrolls of teleportation {unknown}
 y - 4 scrolls of identify {unknown}
Potions
 m - a potion of mutation {unknown}
 o - a potion of haste {unknown}
 q - a potion of berserk rage {unknown}
 u - 2 potions of heal wounds {unknown}
 w - a potion of flight {unknown}
 D - a potion of agility {unknown}
 E - a potion of curing {unknown}
Comestibles
 c - a bread ration
 f - 6 fruits
 g - a royal jelly
 n - 4 chunks of flesh
 p - 2 meat rations


   Skills:
 * Level 4.6 Fighting
 * Level 4.5 Long Blades
 + Level 0.8 Armour
 * Level 4.3 Dodging
 - Level 1.5 Stealth


You had 3 spell levels left.
You didn't know any spells.

Dungeon Overview and Level Annotations

Branches:
Dungeon (3/15)

Altars:

Annotations:
D:3 qqqbard's ghost, amateur MiGl


Innate Abilities, Weirdness & Mutations

You reflexively headbutt those who attack you in melee.
You have a pair of horns on your head.


Message History

You headbutt the kobold. You hit the kobold but do no damage.
You headbutt the kobold.
You kill the kobold!
Qqqbard's ghost hits you!
You closely miss qqqbard's ghost.
Qqqbard's ghost says, "I excel at staving off weak adventurers."
Qqqbard's ghost hits you but does no damage.
You hit qqqbard's ghost but do no damage.
Qqqbard's ghost hits you!
You hit qqqbard's ghost but do no damage.
You headbutt qqqbard's ghost!
Qqqbard's ghost is lightly damaged.
Qqqbard's ghost hits you!
You hit qqqbard's ghost.
Qqqbard's ghost is moderately damaged.
Qqqbard's ghost hits you!
* * * LOW HITPOINT WARNING * * *
There is a stone staircase leading up here.
Qqqbard's ghost hits you!
You die...

#..............#..#.....# #.#.#
#...#..#..#..#.#..#.###.###.#.#
###..###...###...#..#.#⌠#........
#.....#.....#..#.#..#.###.####..#
#.......###...##..........# #..#
#.......# ##..####..#..#### #..#
#.......###...## #..##.# #...
#.....#.....#..###..##.#######.##
#....###...###.W@#)............#
#.....#..#..#..####.##.#######.#
#####...###...## #.........##.##
#..## ##### ####.####.##...
######.# ####.####.##... .......#
##....##.#...... .......#
#..##.##.#....## ####...#########
#.....##......#
$$$#...'.......<##.###.##.##...##


You could see qqqbard's ghost.

Vanquished Creatures
  4 adders
  An ooze (D:2)
  4 worms
  2 dart slugs (D:2)
  4 giant cockroaches
  8 goblins
  5 hobgoblins (D:1)
  2 jackals (D:2)
  A ball python (D:2)
  6 bats
  3 frilled lizards
  4 kobolds
  5 rats
49 creatures vanquished.

Notes
Turn   | Place    | Note
-------+----------+-------------------------------------------
     0 | D:1      | CanOfBees the Minotaur Monk began the quest for the Orb.
     0 | D:1      | Reached XP level 1. HP: 19/19 MP: 0/0
   101 | D:1      | Reached XP level 2. HP: 17/27 MP: 1/1
   988 | D:2      | Reached XP level 3. HP: 26/33 MP: 2/2
  1768 | D:2      | Reached XP level 4. HP: 41/41 MP: 3/3
  2449 | D:3      | Noticed qqqbard's ghost (amateur MiGl)
  2475 | D:3      | Slain by qqqbard's ghost

Vault maps used:
D:1:      saegor_arrival_simple_d
D:3:      serial_glass, glass_columns_a, glass_columns_a, feat_on_display,
          due_unseen_surprise, feat_on_display, minmay_strange_pillars,
          minmay_misc_feat_nine_boxes, serial_bayou_lagoon_b

Skill      XL: |  1  2  3 |
---------------+----------+-----
Long Blades    | 4 |  4.5
Fighting       | 4 |  4.6
Dodging        | 4 |  4.3
Armour         | |  0.8
Stealth        | |  1.5

Action                   |  1- 3 |  4- 6 || total
-------------------------+-------+-------++-------
Melee: Falchion          |    59 |       ||    59
       Headbutt          |     9 |     6 ||    15
       Long sword        |       |    29 ||    29
  Use: Scroll            |       |     1 ||     1
 Stab: Sleeping          |     2 |       ||     2
  Eat: Chunk             |     3 |     2 ||     5
Armor: Robe              |    13 |       ||    13
       Chain mail        |     1 |    11 ||    12
Dodge: Dodged            |    48 |    20 ||    68
       Rpst.: Falchion   |     9 |       ||     9
       Long sword        |       |     3 ||     3
